AoeStats
← Chuck

Black Forest

504638479Analyzed
3v3 RM · 26d ago on Sep 6, 2026· 43m 53s· 6 players
Game mode
Random Map
Map size
Normal (6 player)
Population
200
Speed
Normal
Resources
Standard
Victory
Conquest
Starting age
Dark Age
Ending age
Imperial Age
RankedLock teamsTeams togetherTeam positionsShared explorationLock speedFull tech treeHidden civsTurbo modeCheats
Victory
Defeat
🇺🇸 Byzantines · United States
1195
+16
🇺🇸 Saracens · United States
1185
+17
🇺🇸 Britons · United States
1133
+47
🇺🇸 Saracens · United States
1248
-19
🇺🇸 Vietnamese · United States
1195
-17
🇺🇸 Romans · United States
1158
-16
NoobWithATube
10:41 Feudal Age
15:05 Castle Age
14:00 Double-Bit Axe
13:55 Horse Collar
15:58 Bow Saw
15:49 Heavy Plow
19:30 Loom
20:27 Wheelbarrow
22:40 Hand Cart
22:12 Town Watch
23:25 Stone Mining
23:27 Gold Mining
24:19 Fervor
24:13 Fletching
25:20 Gold Shaft Mining
25:41 Bodkin Arrow
26:52 Treadmill Crane
27:32 Ballistics
27:23 Masonry
27:28 Padded Archer Armor
30:29 Imperial Age
28:38 Leather Archer Armor
29:07 Fortified Wall
28:52 Murder Holes
29:34 Yeomen
31:12 Bracer
32:14 Chemistry
31:19 Siege Engineers
31:43 Conscription
32:29 Guilds
33:41 Two-Man Saw
33:48 Caravan
33:22 Capped Ram
34:55 Hoardings
34:23 Elite Longbowman
36:15 Ring Archer Armor
35:54 Town Patrol
36:52 Architecture
37:09 Warwolf
37:46 Coinage
41:25 Banking
RecoilGargoyle
2:04 Loom
11:57 Feudal Age
16:14 Castle Age
15:08 Double-Bit Axe
15:11 Horse Collar
15:57 Stone Mining
18:12 Bow Saw
18:22 Heavy Plow
18:48 Gold Mining
26:41 Gold Shaft Mining
30:13 Imperial Age
28:42 Forging
28:49 Bimaristan
29:15 Scale Barding Armor
31:36 Chain Barding Armor
31:40 Town Watch
32:41 Wheelbarrow
33:16 Conscription
33:24 Fervor
34:46 Iron Casting
35:34 Hand Cart
36:07 Fletching
35:41 Elite Mameluke
36:30 Town Watch
37:50 Blast Furnace
37:52 Plate Barding Armor
38:36 Sanctity
39:02 Hoardings
39:14 Caravan
40:56 Counterweights
41:05 Bloodlines
40:55 Husbandry
45:03 Two-Man Saw
44:11 Siege Engineers
45:09 Chemistry
slenderstalker2025
0:56 Loom
1:00 Loom
16:04 Feudal Age
20:22 Castle Age
18:30 Stone Mining
19:13 Double-Bit Axe
20:31 Wheelbarrow
21:30 Horse Collar
22:54 Bow Saw
22:45 Heavy Plow
25:46 Heavy Plow
30:19 Hand Cart
34:04 Imperial Age
31:47 Forging
32:56 Caravan
33:59 Bow Saw
33:41 Gold Mining
34:27 Iron Casting
33:58 Scale Barding Armor
36:10 Logistica
37:47 Chain Barding Armor
37:54 Elite Cataphract
38:58 Conscription
39:14 Plate Barding Armor
43:24 Chemistry
Flamma
0:34 Loom
13:25 Feudal Age
14:11 Horse Collar
14:40 Double-Bit Axe
15:29 Man-at-Arms
21:06 Castle Age
19:58 Gold Mining
22:22 Bow Saw
22:51 Scale Mail Armor
23:23 Squires
27:01 Ballistas
27:20 Forging
30:01 Ballistics
33:06 Imperial Age
32:12 Wheelbarrow
33:31 Gold Shaft Mining
33:03 Heavy Plow
33:47 Heavy Scorpion
36:05 Crop Rotation
36:24 Siege Engineers
37:16 Hand Cart
36:41 Long Swordsman
40:29 Conscription
40:07 Legionary
Flying Cap
0:46 Loom
16:19 Feudal Age
17:12 Double-Bit Axe
20:39 Castle Age
20:32 Stone Mining
20:28 Horse Collar
22:35 Wheelbarrow
22:15 Bow Saw
23:29 Heavy Plow
28:45 Gold Mining
30:56 Bloodlines
31:24 Scale Barding Armor
31:59 Husbandry
32:59 Forging
33:41 Chain Barding Armor
34:42 Iron Casting
37:44 Imperial Age
37:02 Bimaristan
37:36 Gold Shaft Mining
36:35 Light Cavalry
38:42 Hand Cart
37:50 Elite Mameluke
39:28 Plate Barding Armor
40:27 Blast Furnace
40:50 Conscription
Chuck
0:44 Loom
14:16 Feudal Age
18:54 Castle Age
17:34 Gold Mining
17:30 Double-Bit Axe
19:54 Horse Collar
22:21 Fletching
22:57 Bow Saw
22:45 Town Watch
31:13 Wheelbarrow
31:44 Fortified Wall
31:32 Bodkin Arrow
34:27 Ballistics
34:10 Padded Archer Armor
34:34 Hand Cart
34:58 Elite Skirmisher
35:43 Town Patrol
38:45 Leather Archer Armor
41:03 Imperial Age
39:04 Scale Barding Armor
39:33 Light Cavalry
40:35 Chain Barding Armor
41:31 Bloodlines
41:35 Forging
42:47 Two-Man Saw
42:51 Husbandry
Connection lost

Rejoining the realm…

Still unreachable

The connection could not be restored.

Session expired

The server has moved on; the page needs a fresh start.